Gangsters vs Knights

Created - March 30, 2019 at 19:34

Goals
1 2 3 T
Gangsters 2 0 0 2
Knights 0 2 4 6
Shots
1 2 3 T
Gangsters 7 12 12 31
Knights 15 6 17 38

1st period

1. Gangsters , Richard Panik 32 (Magnus Paajarvi-Svensson 2, Patrik Nemeth 23) at 13:53
2. Gangsters , Magnus Paajarvi-Svensson 1 (Maxime Sauvé 57) at 16:47

Penalties :
Matt Delahey (Bro) for Roughing (Minor) at 7:10

2nd period

3. Knights , Michael Raffl 39 (Ludwig Bystrom 1, Ben Scrivens) at 2:52
4. Knights , Brandon Saad 12 (Miro Aaltonen 35, Tomas Kundratek 37) at 3:29

Penalties :
Phillip Danault (Bro) for Tripping (Minor) at 13:33

3rd period

5. Knights , Brendan Gaunce 17 (Tomas Kundratek 38, Jaccob Slavin 41) at 3:30
6. Knights , Zach Trotman 5 (Brendan Gaunce 19) at 4:47
7. Knights , Linden Vey 20 (Boone Jenner 24, Zach Trotman 21) at 10:40
8. Knights , Michael Raffl 40 (Zach Trotman 22, Noel Acciari 72) at 16:10

Penalties :
Brett Ponich (Bro) for Roughing (Minor) at 1:11

Goalie Stats

Dustin Tokarski (Bro), 32 saves from 38 shots - (0.842), L, 21-25-3, 60:00 minutes
Ben Scrivens (Lon), 29 saves from 31 shots - (0.935), W, 25-14-4, 60:00 minutes

Players Stats for Gangsters

Player Name              G  A  P  +/- PIM S  H  SB GA TA FO     MP     PP MP  PK MP  
------------------------------------------------------------------------------------
Adam Lowry               0  0  0   0  0   0  0  0  0  0  0/0     0:00   0:00   0:00 
Anthony Camara           0  0  0   0  0   0  0  0  0  0  0/0     0:12   0:00   0:07 
Austen Brassard          0  0  0  -1  0   0  2  0  0  0  0/0     8:36   0:00   0:00 
Brett Ponich             0  0  0  -1  2   0  0  0  0  0  0/0    18:19   0:00   1:46 
Dave Dziurzynski         0  0  0  -2  0   4  1  0  0  0  0/0    14:47   0:00   0:00 
David Pope               0  0  0  -1  0   1  2  0  0  0  0/0    12:10   0:00   0:00 
Derrick Pouliot          0  0  0   0  0   1  0  0  0  1  0/0    10:58   0:00   0:20 
Devante Smith-Pelly      0  0  0  -2  0   3  2  0  0  1  1/2    14:47   0:00   0:00 
Jonas Brodin             0  0  0  -1  0   0  2  0  0  1  0/0    12:44   0:00   1:46 
Jordan Subban            0  0  0   0  0   0  0  0  0  0  0/0     0:00   0:00   0:00 
Kevin Roy                0  0  0  -1  0   2  1  0  1  0  2/4     8:36   0:00   0:00 
Magnus Paajarvi-Svensson 1  1  2   0  0   6  2  0  0  0  0/0    20:56   0:00   2:31 
Matt Delahey             0  0  0  -2  2   0  0  1  1  2  0/0    24:24   0:00   2:25 
Maxime Sauvé             0  1  1   1  0   2  1  0  0  0  18/34  21:24   0:00   3:19 
Morgan Ellis             0  0  0  -1  0   0  1  0  1  2  0/0    19:01   0:00   2:27 
Patrik Nemeth            0  1  1  -2  0   1  2  2  1  0  0/0    25:10   0:00   3:10 
Phillip Danault          0  0  0  -1  2   0  0  1  0  0  0/0     8:40   0:00   0:00 
Richard Panik            1  0  1   1  0   4  0  1  0  0  1/1    21:24   0:00   3:19 
Ryan Culkin              0  0  0  -1  0   0  0  0  0  0  0/0     4:51   0:00   0:00 
Sebastian Collberg       0  0  0  -1  0   1  0  0  0  0  0/0    12:10   0:00   0:00 
Seth Griffith            0  0  0  -1  0   0  0  0  1  0  0/3    13:15   0:00   1:05 
Steven Santini           0  0  0  -1  0   0  0  0  0  0  0/0     4:51   0:00   0:00 
Tomas Hertl              0  0  0  -3  0   6  1  0  0  1  9/14   16:45   0:00   1:33 

Players Stats for Knights

Player Name              G  A  P  +/- PIM S  H  SB GA TA FO     MP     PP MP  PK MP  
------------------------------------------------------------------------------------
Boone Jenner             0  1  1   1  0   2  1  0  0  0  1/2    11:41   0:01   0:00 
Brandon Saad             1  0  1   0  0   1  0  1  0  0  0/0    13:45   0:01   0:00 
Brendan Gaunce           1  1  2   2  0   2  1  0  0  0  2/3     9:16   0:00   0:00 
Brett Connolly           0  0  0   2  0   1  2  1  0  0  1/1     9:37   0:01   0:00 
Collin Miller            0  0  0   0  0   3  1  0  0  0  0/0    17:14   2:03   0:00 
Jaccob Slavin            0  1  1   3  0   1  2  4  1  0  0/0    22:29   3:54   0:00 
Jordan Martinook         0  0  0   1  0   0  1  0  0  0  1/1    11:20   0:00   0:00 
Josh Bailey              0  0  0   0  0   2  0  0  1  0  0/0    16:24   2:53   0:00 
Justin Braun             0  0  0   0  0   0  2  2  0  3  0/0    17:41   2:03   0:00 
Linden Vey               1  0  1   1  0   2  1  2  0  0  0/0    14:20   2:53   0:00 
Ludwig Bystrom           0  1  1   0  0   0  0  2  0  0  0/0    13:18   0:00   0:00 
Michael Raffl            2  0  2   1  0   7  1  0  1  0  0/3    22:39   3:03   0:00 
Miro Aaltonen            0  1  1   0  0   7  0  0  0  0  11/19  16:24   2:53   0:00 
Noel Acciari             0  1  1   1  0   2  2  1  3  1  10/26  22:39   3:03   0:00 
Pavel Buchnevich         0  0  0   1  0   1  1  0  0  1  1/2    22:39   3:03   0:00 
Tomas Kundratek          0  2  2   2  0   4  2  3  1  0  0/0    25:35   3:54   0:00 
Vince Hinostroza         0  0  0   2  0   0  2  1  0  0  0/1     9:16   0:00   0:00 
Zach Trotman             1  2  3   3  0   3  5  2  1  0  0/0    23:43   0:00   0:00 

3 Stars

1 - Zach Trotman (Lon)
2 - Michael Raffl (Lon)
3 - Brendan Gaunce (Lon)

Power Play

Gangsters - 0 on 0 Attempt(s) - 0.00%
Knights - 0 on 3 Attempt(s) - 0.00%

Penalty Kill

Gangsters - 3 on 3 Attempt(s) - 100.00% - Score 0 goal in Penalty Kill
Knights - 0 on 0 Attempt(s) - 0.00% - Score 0 goal in Penalty Kill

Team Stat

Gangsters - Hits : 17 - Faceoff Wins : 31 - Blocked Shots : 5 - Penalty Minutes : 6
Knights - Hits : 24 - Faceoff Wins : 27 - Blocked Shots : 19 - Penalty Minutes : 0

Official

Referees : Unknown
Linesman : Unknown

Game Notes

No Game Note

Finance

Level 1 -- Attendance: 1440 (72.00%) -- Ticket Income $36,000
Level 2 -- Attendance: 787 (78.70%) -- Ticket Income $10,231
Total Attendance: 2227 (74.23%)
Total Ticket Income: $46,231
Other Income: $2,312
Total Income: $48,543

Gangsters

5 vs 5 Forward 
   Center                   Left Wing                Right Wing               Time % Phy DF OF 
 1 Maxime Sauvé             Magnus Paajarvi-Svensson Richard Panik            40     1   2  2  
 2 Tomas Hertl              Dave Dziurzynski         Devante Smith-Pelly      30     1   2  2  
 3 Seth Griffith            David Pope               Sebastian Collberg       20     1   2  2  
 4 Kevin Roy                Phillip Danault          Austen Brassard          10     1   2  2  

5 vs 5 Defense 
   Defense                  Defense                                           Time % Phy DF OF 
 1 Patrik Nemeth            Matt Delahey                                      40     1   2  2  
 2 Morgan Ellis             Brett Ponich                                      30     1   2  2  
 3 Jonas Brodin             Derrick Pouliot                                   20     1   2  2  
 4 Ryan Culkin              Steven Santini                                    10     1   2  2  

PowerPlay Forward 
   Center                   Left Wing                Right Wing               Time % Phy DF OF 
 1 Maxime Sauvé             Magnus Paajarvi-Svensson Richard Panik            60     1   2  2  
 2 Tomas Hertl              Dave Dziurzynski         Devante Smith-Pelly      40     1   2  2  

PowerPlay Defense
   Defense                  Defense                                           Time % Phy DF OF 
 1 Patrik Nemeth            Matt Delahey                                      60     1   2  2  
 2 Morgan Ellis             Brett Ponich                                      40     1   2  2  

Penalty Kill 4 Players Forward 
   Center                   Wing                     Time % Phy DF OF 
 1 Maxime Sauvé             Richard Panik            60     1   2  2  
 2 Magnus Paajarvi-Svensson Tomas Hertl              40     1   2  2  

Penalty Kill 4 Players Defense
   Defense                  Defense                  Time % Phy DF OF 
 1 Patrik Nemeth            Matt Delahey             60     1   2  2  
 2 Morgan Ellis             Brett Ponich             40     1   2  2  

Penalty Kill - 3 Players Forward 
   Forward                                           Time % Phy DF OF 
 1 Maxime Sauvé                                      60     1   2  2  
 2 Richard Panik                                     40     1   2  2  

Penalty Kill - 3 Players Defense
   Defense                  Defense                  Time % Phy DF OF 
 1 Patrik Nemeth            Matt Delahey             60     1   2  2  
 2 Morgan Ellis             Brett Ponich             40     1   2  2  

4 vs 4 Forward 
   Center                   Wing                     Time % Phy DF OF 
 1 Maxime Sauvé             Richard Panik            60     1   2  2  
 2 Magnus Paajarvi-Svensson Tomas Hertl              40     1   2  2  

4 vs 4 Defense
   Defense                  Defense                  Time % Phy DF OF 
 1 Patrik Nemeth            Matt Delahey             60     1   2  2  
 2 Morgan Ellis             Brett Ponich             40     1   2  2  

Last Minutes Offensive
   Center                   Left Wing                Right Wing               Defense                  Defense                  
   Maxime Sauvé             Magnus Paajarvi-Svensson Richard Panik            Patrik Nemeth            Matt Delahey             

Last Minutes Defensive
   Center                   Left Wing                Right Wing               Defense                  Defense                  
   Maxime Sauvé             Magnus Paajarvi-Svensson Richard Panik            Patrik Nemeth            Matt Delahey             

Goaltenders
Starting : Dustin Tokarski          
Backup : Mike Condon              

Extra Forwards
Normal : Anthony Camara, Adam Lowry, Seth Griffith - PP : Anthony Camara, Adam Lowry - PK : Seth Griffith
Extra Defensemen
Normal : Jordan Subban, Jonas Brodin, Derrick Pouliot - PP : Jordan Subban - PK : Jonas Brodin, Derrick Pouliot
Penalty Shots
Maxime Sauvé, Richard Panik, Magnus Paajarvi-Svensson, Tomas Hertl, Dave Dziurzynski

Scratches
Stefan Noesen (Sore Right Knee Injury), Jordan Binnington (Healthy)

Knights

5 vs 5 Forward 
   Center                   Left Wing                Right Wing               Time % Phy DF OF 
 1 Noel Acciari             Michael Raffl            Pavel Buchnevich         40     1   2  2  
 2 Miro Aaltonen            Brandon Saad             Josh Bailey              30     1   2  2  
 3 Boone Jenner             Jordan Martinook         Linden Vey               20     1   2  2  
 4 Brendan Gaunce           Vince Hinostroza         Brett Connolly           10     1   2  2  

5 vs 5 Defense 
   Defense                  Defense                                           Time % Phy DF OF 
 1 Tomas Kundratek          Zach Trotman                                      40     1   2  2  
 2 Jaccob Slavin            Justin Braun                                      30     1   2  2  
 3 Collin Miller            Ludwig Bystrom                                    20     1   2  2  
 4 Zach Trotman             Jaccob Slavin                                     10     1   2  2  

PowerPlay Forward 
   Center                   Left Wing                Right Wing               Time % Phy DF OF 
 1 Noel Acciari             Michael Raffl            Pavel Buchnevich         60     1   1  3  
 2 Miro Aaltonen            Linden Vey               Josh Bailey              40     1   1  3  

PowerPlay Defense
   Defense                  Defense                                           Time % Phy DF OF 
 1 Jaccob Slavin            Tomas Kundratek                                   60     0   1  4  
 2 Justin Braun             Collin Miller                                     40     0   1  4  

Penalty Kill 4 Players Forward 
   Center                   Wing                     Time % Phy DF OF 
 1 Noel Acciari             Michael Raffl            60     1   3  1  
 2 Josh Bailey              Vince Hinostroza         40     1   3  1  

Penalty Kill 4 Players Defense
   Defense                  Defense                  Time % Phy DF OF 
 1 Tomas Kundratek          Justin Braun             60     1   3  1  
 2 Zach Trotman             Jaccob Slavin            40     1   3  1  

Penalty Kill - 3 Players Forward 
   Forward                                           Time % Phy DF OF 
 1 Michael Raffl                                     60     0   4  1  
 2 Noel Acciari                                      40     0   4  1  

Penalty Kill - 3 Players Defense
   Defense                  Defense                  Time % Phy DF OF 
 1 Tomas Kundratek          Justin Braun             60     1   3  1  
 2 Jaccob Slavin            Zach Trotman             40     1   3  1  

4 vs 4 Forward 
   Center                   Wing                     Time % Phy DF OF 
 1 Miro Aaltonen            Josh Bailey              60     1   2  2  
 2 Noel Acciari             Pavel Buchnevich         40     1   2  2  

4 vs 4 Defense
   Defense                  Defense                  Time % Phy DF OF 
 1 Justin Braun             Zach Trotman             60     1   2  2  
 2 Tomas Kundratek          Jaccob Slavin            40     1   2  2  

Last Minutes Offensive
   Center                   Left Wing                Right Wing               Defense                  Defense                  
   Noel Acciari             Michael Raffl            Pavel Buchnevich         Jaccob Slavin            Tomas Kundratek          

Last Minutes Defensive
   Center                   Left Wing                Right Wing               Defense                  Defense                  
   Noel Acciari             Michael Raffl            Josh Bailey              Tomas Kundratek          Justin Braun             

Goaltenders
Starting : Ben Scrivens             
Backup : Magnus Hellberg          

Extra Forwards
Normal : Pavel Buchnevich, Linden Vey, Michael Raffl - PP : Josh Bailey, Michael Raffl - PK : Michael Raffl
Extra Defensemen
Normal : Jaccob Slavin, Zach Trotman, Collin Miller - PP : Zach Trotman - PK : Jaccob Slavin, Zach Trotman
Penalty Shots
Michael Raffl, Boone Jenner, Pavel Buchnevich, Noel Acciari, Linden Vey

Scratches
Zach Nastasiuk (Healthy), Jonathan Huberdeau (Torn Left MCL Injury), Cody Bass (Healthy), Nicklas Jensen (Healthy), Alan Quine (Healthy)
Michael Matheson (Broken Left Thumb Injury), David Shields (Healthy), Matthew Benning (Healthy), Trevor Moore (Healthy), Scott Wilson (Healthy)
Curtis Valk (Healthy), Anthony Louis (Healthy), Travis Boyd (Healthy), Nicolas Petan (Healthy), Fredrik Claesson (Healthy)
Anton Blidh (Healthy), A.J. Jenks (Healthy), Connor Knapp (Healthy), Eamon McAdam (Healthy), Philippe Desrosiers (Healthy)
Ville Husso (Healthy)

% Time on Ice - Gangsters

Lines # - Real PCT - Wanted PCT - Time Play
Normal Forward
1 - 34% - 40% - 18:10
2 - 28% - 30% - 15:07
3 - 23% - 20% - 12:10
4 - 16% - 10% - 8:36
Normal Defense
1 - 41% - 40% - 22:00
2 - 31% - 30% - 16:34
3 - 20% - 20% - 10:38
4 - 9% - 10% - 4:51
PP Forward
1 - 0% - 60%
2 - 0% - 40%
PP Defense
1 - 0% - 60%
2 - 0% - 40%
PK Forward
1 - 76% - 60% - 4:31
2 - 24% - 40% - 1:26
PK Defense
1 - 59% - 60% - 3:30
2 - 41% - 40% - 2:27
PK3 Forward
1 - 0% - 60%
2 - 0% - 40%
PK3 Defense
1 - 0% - 60%
2 - 0% - 40%
44 Forward
1 - 0% - 60%
2 - 0% - 40%
44 Defense
1 - 0% - 60%
2 - 0% - 40%
Last Minute Offensive  - 0:00
Last Minute Defensive  - 0:00
Total
Forward - 60:00
Defense - 60:00

% Time on Ice - Knights

Lines # - Real PCT - Wanted PCT - Time Play
Normal Forward
1 - 37% - 40% - 19:56
2 - 25% - 30% - 13:31
3 - 21% - 20% - 11:20
4 - 17% - 10% - 9:16
Normal Defense
1 - 40% - 40% - 21:41
2 - 29% - 30% - 15:38
3 - 25% - 20% - 13:18
4 - 6% - 10% - 3:26
PP Forward
1 - 52% - 60% - 3:04
2 - 48% - 40% - 2:53
PP Defense
1 - 66% - 60% - 3:54
2 - 34% - 40% - 2:03
PK Forward
1 - 0% - 60%
2 - 0% - 40%
PK Defense
1 - 0% - 60%
2 - 0% - 40%
PK3 Forward
1 - 0% - 60%
2 - 0% - 40%
PK3 Defense
1 - 0% - 60%
2 - 0% - 40%
44 Forward
1 - 0% - 60%
2 - 0% - 40%
44 Defense
1 - 0% - 60%
2 - 0% - 40%
Last Minute Offensive  - 0:00
Last Minute Defensive  - 0:00
Total
Forward - 60:00
Defense - 60:00

Play-by-Play

1st period


0:01 of 1st period - Noel Acciari wins face-off versus Maxime Sauvé in neutral zone.
0:08 of 1st period - Snap shot by Michael Raffl.
0:08 of 1st period - Stopped by Dustin Tokarski with a rebound.
0:26 of 1st period - Tomas Kundratek is hit by Patrik Nemeth.
0:52 of 1st period - Seth Griffith is hit by Justin Braun and loses puck.
1:15 of 1st period - Patrik Nemeth is hit by Collin Miller and loses puck.
2:09 of 1st period - Tomas Kundratek is hit by Morgan Ellis and loses puck.
2:36 of 1st period - Magnus Paajarvi-Svensson is hit by Justin Braun and loses puck.
2:47 of 1st period - Slapshot by Dave Dziurzynski.
2:47 of 1st period - Stopped by Ben Scrivens with a rebound.
3:13 of 1st period - Linden Vey is hit by Jonas Brodin and loses puck.
3:34 of 1st period - Wrist shot by Brendan Gaunce.
3:34 of 1st period - Stopped by Dustin Tokarski without a rebound.
3:35 of 1st period - Maxime Sauvé wins face-off versus Vince Hinostroza in Gangsters zone.
3:46 of 1st period - Derrick Pouliot is hit by Brendan Gaunce.
4:00 of 1st period - Snap shot by Kevin Roy.
4:00 of 1st period - Shot Blocked by Brett Connolly.
4:18 of 1st period - Wrist shot by Brendan Gaunce.
4:18 of 1st period - Shot Misses the Net.
4:20 of 1st period - Wrist shot by Brendan Gaunce.
4:20 of 1st period - Shot Misses the Net.
4:22 of 1st period - Wrist shot by Tomas Kundratek.
4:22 of 1st period - Shot Misses the Net.
4:24 of 1st period - Slapshot by Collin Miller.
4:24 of 1st period - Shot Misses the Net.
4:26 of 1st period - Snap shot by Tomas Kundratek.
4:26 of 1st period - Stopped by Dustin Tokarski with a rebound.
4:28 of 1st period - Slapshot by Tomas Kundratek.
4:28 of 1st period - Shot Blocked by Phillip Danault.
4:30 of 1st period - Wrist shot by Tomas Kundratek.
4:30 of 1st period - Stopped by Dustin Tokarski with a rebound.
4:32 of 1st period - Slapshot by Tomas Kundratek.
4:32 of 1st period - Shot Misses the Net.
4:34 of 1st period - Slapshot by Collin Miller.
4:34 of 1st period - Stopped by Dustin Tokarski without a rebound.
4:35 of 1st period - Noel Acciari wins face-off versus Maxime Sauvé in Gangsters zone.
4:40 of 1st period - Wrist shot by Noel Acciari.
4:40 of 1st period - Stopped by Dustin Tokarski with a rebound.
5:03 of 1st period - Icing by Brett Ponich.
5:04 of 1st period - Miro Aaltonen wins face-off versus Tomas Hertl in Gangsters zone.
5:25 of 1st period - Snap shot by Miro Aaltonen.
5:25 of 1st period - Stopped by Dustin Tokarski without a rebound.
5:26 of 1st period - Maxime Sauvé wins face-off versus Noel Acciari in Gangsters zone.
5:26 of 1st period - Maxime Sauvé is hit by Noel Acciari.
6:32 of 1st period - Slapshot by David Pope.
6:32 of 1st period - Shot Misses the Net.
7:10 of 1st period - Minor Penalty to Matt Delahey for Roughing.
7:11 of 1st period - Maxime Sauvé wins face-off versus Michael Raffl in Gangsters zone.
8:13 of 1st period - Collin Miller is hit by Patrik Nemeth and loses puck.
9:10 of 1st period - Penalty to Matt Delahey is over, Matt Delahey is back on ice.
9:39 of 1st period - Slapshot by David Pope.
9:39 of 1st period - Stopped by Ben Scrivens without a rebound.
9:40 of 1st period - Brendan Gaunce wins face-off versus Tomas Hertl in Knights zone.
9:59 of 1st period - Boone Jenner is hit by David Pope and loses puck.
10:16 of 1st period - Snap shot by Derrick Pouliot.
10:16 of 1st period - Deflect By Kevin Roy.
10:16 of 1st period - Stopped by Ben Scrivens without a rebound.
10:17 of 1st period - Miro Aaltonen wins face-off versus Kevin Roy in Knights zone.
10:21 of 1st period - Off-side.
10:22 of 1st period - Kevin Roy wins face-off versus Michael Raffl in neutral zone.
12:03 of 1st period - Wrist shot by Noel Acciari.
12:03 of 1st period - Stopped by Dustin Tokarski with a rebound.
12:05 of 1st period - Slapshot by Jaccob Slavin.
12:05 of 1st period - Deflect By Michael Raffl.
12:05 of 1st period - Stopped by Dustin Tokarski without a rebound.
12:06 of 1st period - Miro Aaltonen wins face-off versus Maxime Sauvé in Gangsters zone.
12:31 of 1st period - Devante Smith-Pelly is hit by Boone Jenner.
12:40 of 1st period - Slapshot by Patrik Nemeth.
12:40 of 1st period - Shot Blocked by Linden Vey.
12:56 of 1st period - Snap shot by Seth Griffith.
12:56 of 1st period - Shot Misses the Net.
13:08 of 1st period - Ludwig Bystrom is hit by Jonas Brodin and loses puck.
13:51 of 1st period - Snap shot by Magnus Paajarvi-Svensson.
13:51 of 1st period - Shot Blocked by Ludwig Bystrom.
13:53 of 1st period - Wrist shot by Richard Panik.
13:53 of 1st period - Goal by Richard Panik - Gangsters : 1 - Knights : 0.
13:54 of 1st period - Miro Aaltonen wins face-off versus Maxime Sauvé in neutral zone.
14:03 of 1st period - Slapshot by Miro Aaltonen.
14:03 of 1st period - Stopped by Dustin Tokarski with a rebound.
14:21 of 1st period - Devante Smith-Pelly is hit by Vince Hinostroza and loses puck.
14:41 of 1st period - Matt Delahey is hit by Noel Acciari.
15:45 of 1st period - Snap shot by Seth Griffith.
15:45 of 1st period - Shot Misses the Net.
15:52 of 1st period - Off-side.
15:53 of 1st period - Miro Aaltonen wins face-off versus Maxime Sauvé in neutral zone.
16:45 of 1st period - Slapshot by Derrick Pouliot.
16:45 of 1st period - Deflect By Collin Miller.
16:45 of 1st period - Stopped by Ben Scrivens without a rebound.
16:46 of 1st period - Maxime Sauvé wins face-off versus Miro Aaltonen in Knights zone.
16:47 of 1st period - Snap shot by Magnus Paajarvi-Svensson.
16:47 of 1st period - Goal by Magnus Paajarvi-Svensson - Gangsters : 2 - Knights : 0.
16:48 of 1st period - Maxime Sauvé wins face-off versus Miro Aaltonen in neutral zone.
16:59 of 1st period - Snap shot by Miro Aaltonen.
16:59 of 1st period - Stopped by Dustin Tokarski with a rebound.
17:13 of 1st period - Brett Ponich is hit by Tomas Kundratek and loses puck.
17:24 of 1st period - Wrist shot by Michael Raffl.
17:24 of 1st period - Shot Misses the Net.
17:26 of 1st period - Snap shot by Pavel Buchnevich.
17:26 of 1st period - Stopped by Dustin Tokarski without a rebound.
17:27 of 1st period - Maxime Sauvé wins face-off versus Boone Jenner in Gangsters zone.
17:27 of 1st period - Maxime Sauvé is hit by Zach Trotman.
17:42 of 1st period - Backhand shot by Richard Panik.
17:42 of 1st period - Shot Misses the Net.
17:52 of 1st period - Zach Trotman is hit by David Pope and loses puck.
17:59 of 1st period - Snap shot by David Pope.
17:59 of 1st period - Shot Blocked by Linden Vey.
18:01 of 1st period - Wrist shot by Derrick Pouliot.
18:01 of 1st period - Shot Blocked by Jaccob Slavin.
18:03 of 1st period - Slapshot by Jonas Brodin.
18:03 of 1st period - Shot Blocked by Jaccob Slavin.
18:05 of 1st period - Snap shot by Sebastian Collberg.
18:05 of 1st period - Stopped by Ben Scrivens with a rebound.
19:06 of 1st period - Wrist shot by Vince Hinostroza.
19:06 of 1st period - Shot Misses the Net.
19:08 of 1st period - Wrist shot by Collin Miller.
19:08 of 1st period - Stopped by Dustin Tokarski with a rebound.
19:10 of 1st period - Snap shot by Vince Hinostroza.
19:10 of 1st period - Deflect By Brett Connolly.
19:10 of 1st period - Stopped by Dustin Tokarski with a rebound.
19:12 of 1st period - Slapshot by Collin Miller.
19:12 of 1st period - Stopped by Dustin Tokarski without a rebound.
19:13 of 1st period - Maxime Sauvé wins face-off versus Noel Acciari in Gangsters zone.
19:57 of 1st period - Seth Griffith is hit by Linden Vey and loses puck.
Goals for this period are 2 for Gangsters vs 0 for Knights.
Shots for this period are 7 for Gangsters vs 15 for Knights.

2nd period


0:01 of 2nd period - Richard Panik wins face-off versus Noel Acciari in neutral zone.
0:27 of 2nd period - Brandon Saad is hit by Dave Dziurzynski.
0:31 of 2nd period - Wrist shot by Tomas Hertl.
0:31 of 2nd period - Deflect By Devante Smith-Pelly.
0:31 of 2nd period - Shot Blocked by Tomas Kundratek.
0:31 of 2nd period - Puck is out of play.
0:32 of 2nd period - Tomas Hertl wins face-off versus Noel Acciari in Knights zone.
1:59 of 2nd period - Wrist shot by Magnus Paajarvi-Svensson.
1:59 of 2nd period - Shot Misses the Net.
2:04 of 2nd period - Icing by Josh Bailey.
2:05 of 2nd period - Maxime Sauvé wins face-off versus Miro Aaltonen in Knights zone.
2:08 of 2nd period - Snap shot by Magnus Paajarvi-Svensson.
2:08 of 2nd period - Shot Misses the Net.
2:10 of 2nd period - Slapshot by Richard Panik.
2:10 of 2nd period - Shot Misses the Net.
2:12 of 2nd period - Snap shot by Richard Panik.
2:12 of 2nd period - Shot Misses the Net.
2:14 of 2nd period - Wrist shot by Maxime Sauvé.
2:14 of 2nd period - Shot Blocked by Ludwig Bystrom.
2:16 of 2nd period - Wrist shot by Richard Panik.
2:16 of 2nd period - Shot Misses the Net.
2:18 of 2nd period - Wrist shot by Richard Panik.
2:18 of 2nd period - Shot Blocked by Brandon Saad.
2:52 of 2nd period - Wrist shot by Michael Raffl.
2:52 of 2nd period - Goal by Michael Raffl - Gangsters : 2 - Knights : 1.
2:53 of 2nd period - Maxime Sauvé wins face-off versus Noel Acciari in neutral zone.
3:02 of 2nd period - Wrist shot by Richard Panik.
3:02 of 2nd period - Stopped by Ben Scrivens with a rebound.
3:04 of 2nd period - Snap shot by Magnus Paajarvi-Svensson.
3:04 of 2nd period - Stopped by Ben Scrivens with a rebound.
3:06 of 2nd period - Slapshot by Matt Delahey.
3:06 of 2nd period - Shot Blocked by Zach Trotman.
3:08 of 2nd period - Slapshot by Richard Panik.
3:08 of 2nd period - Shot Misses the Net.
3:18 of 2nd period - Devante Smith-Pelly is hit by Zach Trotman and loses puck.
3:25 of 2nd period - Snap shot by Miro Aaltonen.
3:25 of 2nd period - Stopped by Dustin Tokarski with a rebound.
3:27 of 2nd period - Snap shot by Brandon Saad.
3:27 of 2nd period - Shot Misses the Net.
3:29 of 2nd period - Wrist shot by Brandon Saad.
3:29 of 2nd period - Goal by Brandon Saad - Gangsters : 2 - Knights : 2.
3:30 of 2nd period - Maxime Sauvé wins face-off versus Noel Acciari in neutral zone.
3:39 of 2nd period - Wrist shot by Richard Panik.
3:39 of 2nd period - Stopped by Ben Scrivens with a rebound.
5:12 of 2nd period - Wrist shot by Magnus Paajarvi-Svensson.
5:12 of 2nd period - Stopped by Ben Scrivens with a rebound.
5:14 of 2nd period - Wrist shot by Maxime Sauvé.
5:14 of 2nd period - Shot Blocked by Justin Braun.
5:16 of 2nd period - Slapshot by Patrik Nemeth.
5:16 of 2nd period - Stopped by Ben Scrivens with a rebound.
5:18 of 2nd period - Slapshot by Patrik Nemeth.
5:18 of 2nd period - Shot Blocked by Justin Braun.
5:43 of 2nd period - Snap shot by Magnus Paajarvi-Svensson.
5:43 of 2nd period - Deflect By Richard Panik.
5:43 of 2nd period - Shot Blocked by Jaccob Slavin.
5:43 of 2nd period - Puck is out of play.
5:44 of 2nd period - Noel Acciari wins face-off versus Tomas Hertl in Knights zone.
5:44 of 2nd period - Noel Acciari is hit by Devante Smith-Pelly.
6:16 of 2nd period - Slapshot by Brett Ponich.
6:16 of 2nd period - Shot Blocked by Zach Trotman.
6:18 of 2nd period - Slapshot by Brett Ponich.
6:18 of 2nd period - Shot Misses the Net.
6:20 of 2nd period - Snap shot by Brett Ponich.
6:20 of 2nd period - Shot Misses the Net.
6:48 of 2nd period - Tomas Kundratek is hit by Kevin Roy and loses puck.
6:59 of 2nd period - Snap shot by Devante Smith-Pelly.
6:59 of 2nd period - Deflect By Zach Trotman.
6:59 of 2nd period - Stopped by Ben Scrivens with a rebound.
7:03 of 2nd period - Snap shot by Devante Smith-Pelly.
7:03 of 2nd period - Stopped by Ben Scrivens without a rebound.
7:04 of 2nd period - Tomas Hertl wins face-off versus Noel Acciari in Knights zone.
7:05 of 2nd period - Snap shot by Dave Dziurzynski.
7:05 of 2nd period - Stopped by Ben Scrivens with a rebound.
7:07 of 2nd period - Slapshot by Devante Smith-Pelly.
7:07 of 2nd period - Shot Misses the Net.
7:09 of 2nd period - Slapshot by Tomas Hertl.
7:09 of 2nd period - Shot Misses the Net.
7:11 of 2nd period - Slapshot by Dave Dziurzynski.
7:11 of 2nd period - Stopped by Ben Scrivens with a rebound.
8:07 of 2nd period - Tomas Hertl is hit by Jaccob Slavin and loses puck.
9:22 of 2nd period - Snap shot by Linden Vey.
9:22 of 2nd period - Stopped by Dustin Tokarski without a rebound.
9:23 of 2nd period - Jordan Martinook wins face-off versus Seth Griffith in Gangsters zone.
10:10 of 2nd period - Josh Bailey is hit by Magnus Paajarvi-Svensson and loses puck.
10:39 of 2nd period - Patrik Nemeth is hit by Jordan Martinook and loses puck.
11:02 of 2nd period - Off-side.
11:03 of 2nd period - Kevin Roy wins face-off versus Noel Acciari in neutral zone.
11:08 of 2nd period - Wrist shot by Kevin Roy.
11:08 of 2nd period - Shot Misses the Net.
11:51 of 2nd period - Icing by Brett Ponich.
11:52 of 2nd period - Miro Aaltonen wins face-off versus Seth Griffith in Gangsters zone.
12:17 of 2nd period - Morgan Ellis is hit by Zach Trotman and loses puck.
13:24 of 2nd period - Phillip Danault is hit by Brett Connolly and loses puck.
13:33 of 2nd period - Minor Penalty to Phillip Danault for Tripping.
13:34 of 2nd period - Maxime Sauvé wins face-off versus Michael Raffl in Gangsters zone.
13:43 of 2nd period - Matt Delahey is hit by Pavel Buchnevich and loses puck.
13:48 of 2nd period - Slapshot by Jaccob Slavin.
13:48 of 2nd period - Stopped by Dustin Tokarski without a rebound.
13:49 of 2nd period - Maxime Sauvé wins face-off versus Noel Acciari in Gangsters zone.
14:24 of 2nd period - Backhand shot by Miro Aaltonen.
14:24 of 2nd period - Shot Blocked by Patrik Nemeth.
15:33 of 2nd period - Penalty to Phillip Danault is over, Phillip Danault is back on ice.
15:51 of 2nd period - Snap shot by Kevin Roy.
15:51 of 2nd period - Stopped by Ben Scrivens without a rebound.
15:52 of 2nd period - Tomas Hertl wins face-off versus Brendan Gaunce in Knights zone.
15:53 of 2nd period - Snap shot by Dave Dziurzynski.
15:53 of 2nd period - Deflect By Tomas Hertl.
15:53 of 2nd period - Stopped by Ben Scrivens without a rebound.
15:54 of 2nd period - Brett Connolly wins face-off versus Tomas Hertl in Knights zone.
17:12 of 2nd period - Linden Vey is hit by Austen Brassard and loses puck.
17:27 of 2nd period - Slapshot by Justin Braun.
17:27 of 2nd period - Shot Misses the Net.
17:29 of 2nd period - Snap shot by Michael Raffl.
17:29 of 2nd period - Stopped by Dustin Tokarski with a rebound.
17:55 of 2nd period - Snap shot by Richard Panik.
17:55 of 2nd period - Stopped by Ben Scrivens without a rebound.
17:56 of 2nd period - Pavel Buchnevich wins face-off versus Maxime Sauvé in Knights zone.
18:28 of 2nd period - Dave Dziurzynski is hit by Tomas Kundratek and loses puck.
18:47 of 2nd period - Snap shot by Boone Jenner.
18:47 of 2nd period - Shot Misses the Net.
19:02 of 2nd period - Icing by Jordan Martinook.
19:03 of 2nd period - Brendan Gaunce wins face-off versus Maxime Sauvé in Knights zone.
19:03 of 2nd period - Brendan Gaunce is hit by Magnus Paajarvi-Svensson.
19:37 of 2nd period - Wrist shot by Pavel Buchnevich.
19:37 of 2nd period - Shot Misses the Net.
Goals for this period are 0 for Gangsters vs 2 for Knights.
Shots for this period are 12 for Gangsters vs 6 for Knights.

3rd period


0:01 of 3rd period - Noel Acciari wins face-off versus Maxime Sauvé in neutral zone.
0:12 of 3rd period - Snap shot by Morgan Ellis.
0:12 of 3rd period - Deflect By Maxime Sauvé.
0:12 of 3rd period - Stopped by Ben Scrivens with a rebound.
0:14 of 3rd period - Snap shot by Brett Ponich.
0:14 of 3rd period - Shot Misses the Net.
0:16 of 3rd period - Snap shot by Magnus Paajarvi-Svensson.
0:16 of 3rd period - Shot Blocked by Noel Acciari.
0:54 of 3rd period - Snap shot by Michael Raffl.
0:54 of 3rd period - Shot Misses the Net.
0:56 of 3rd period - Wrist shot by Pavel Buchnevich.
0:56 of 3rd period - Shot Misses the Net.
1:02 of 3rd period - Slapshot by Michael Raffl.
1:02 of 3rd period - Shot Misses the Net.
1:04 of 3rd period - Slapshot by Tomas Kundratek.
1:04 of 3rd period - Stopped by Dustin Tokarski with a rebound.
1:06 of 3rd period - Slapshot by Zach Trotman.
1:06 of 3rd period - Deflect By Patrik Nemeth.
1:06 of 3rd period - Stopped by Dustin Tokarski without a rebound.
1:07 of 3rd period - Miro Aaltonen wins face-off versus Maxime Sauvé in Gangsters zone.
1:11 of 3rd period - Minor Penalty to Brett Ponich for Roughing.
1:12 of 3rd period - Maxime Sauvé wins face-off versus Miro Aaltonen in Gangsters zone.
2:25 of 3rd period - Icing by Linden Vey.
2:26 of 3rd period - Miro Aaltonen wins face-off versus Seth Griffith in Knights zone.
3:11 of 3rd period - Penalty to Brett Ponich is over, Brett Ponich is back on ice.
3:20 of 3rd period - Slapshot by Tomas Hertl.
3:20 of 3rd period - Stopped by Ben Scrivens with a rebound.
3:30 of 3rd period - Snap shot by Brendan Gaunce.
3:30 of 3rd period - Goal by Brendan Gaunce - Gangsters : 2 - Knights : 3.
3:31 of 3rd period - Noel Acciari wins face-off versus Tomas Hertl in neutral zone.
4:25 of 3rd period - Sebastian Collberg is hit by Jaccob Slavin and loses puck.
4:47 of 3rd period - Slapshot by Zach Trotman.
4:47 of 3rd period - Goal by Zach Trotman - Gangsters : 2 - Knights : 4.
4:48 of 3rd period - Maxime Sauvé wins face-off versus Noel Acciari in neutral zone.
4:48 of 3rd period - Maxime Sauvé is hit by Michael Raffl.
5:13 of 3rd period - Matt Delahey is hit by Zach Trotman and loses puck.
6:45 of 3rd period - Slapshot by Magnus Paajarvi-Svensson.
6:45 of 3rd period - Shot Blocked by Vince Hinostroza.
7:45 of 3rd period - Snap shot by Magnus Paajarvi-Svensson.
7:45 of 3rd period - Stopped by Ben Scrivens without a rebound.
7:46 of 3rd period - Noel Acciari wins face-off versus Devante Smith-Pelly in Knights zone.
7:46 of 3rd period - Noel Acciari is hit by Tomas Hertl.
8:38 of 3rd period - Wrist shot by Boone Jenner.
8:38 of 3rd period - Stopped by Dustin Tokarski without a rebound.
8:39 of 3rd period - Boone Jenner wins face-off versus Kevin Roy in Gangsters zone.
9:06 of 3rd period - Slapshot by Devante Smith-Pelly.
9:06 of 3rd period - Stopped by Ben Scrivens with a rebound.
9:08 of 3rd period - Slapshot by Tomas Hertl.
9:08 of 3rd period - Stopped by Ben Scrivens with a rebound.
9:10 of 3rd period - Slapshot by Dave Dziurzynski.
9:10 of 3rd period - Stopped by Ben Scrivens without a rebound.
9:11 of 3rd period - Devante Smith-Pelly wins face-off versus Noel Acciari in Knights zone.
9:16 of 3rd period - Wrist shot by Dave Dziurzynski.
9:16 of 3rd period - Shot Misses the Net.
9:18 of 3rd period - Wrist shot by Tomas Hertl.
9:18 of 3rd period - Stopped by Ben Scrivens without a rebound.
9:19 of 3rd period - Tomas Hertl wins face-off versus Noel Acciari in Knights zone.
9:52 of 3rd period - Snap shot by Josh Bailey.
9:52 of 3rd period - Deflect By Miro Aaltonen.
9:52 of 3rd period - Shot Blocked by Matt Delahey.
9:52 of 3rd period - Puck is out of play.
9:53 of 3rd period - Maxime Sauvé wins face-off versus Pavel Buchnevich in Gangsters zone.
10:08 of 3rd period - Snap shot by Magnus Paajarvi-Svensson.
10:08 of 3rd period - Stopped by Ben Scrivens without a rebound.
10:09 of 3rd period - Tomas Hertl wins face-off versus Miro Aaltonen in Knights zone.
10:12 of 3rd period - Snap shot by Tomas Hertl.
10:12 of 3rd period - Stopped by Ben Scrivens without a rebound.
10:13 of 3rd period - Tomas Hertl wins face-off versus Miro Aaltonen in Knights zone.
10:16 of 3rd period - Slapshot by Dave Dziurzynski.
10:16 of 3rd period - Shot Misses the Net.
10:28 of 3rd period - Slapshot by Josh Bailey.
10:28 of 3rd period - Stopped by Dustin Tokarski with a rebound.
10:38 of 3rd period - Snap shot by Boone Jenner.
10:38 of 3rd period - Shot Misses the Net.
10:40 of 3rd period - Wrist shot by Linden Vey.
10:40 of 3rd period - Goal by Linden Vey - Gangsters : 2 - Knights : 5.
10:41 of 3rd period - Noel Acciari wins face-off versus Maxime Sauvé in neutral zone.
10:53 of 3rd period - Wrist shot by Maxime Sauvé.
10:53 of 3rd period - Stopped by Ben Scrivens with a rebound.
11:32 of 3rd period - Seth Griffith is hit by Brett Connolly and loses puck.
11:55 of 3rd period - Snap shot by Boone Jenner.
11:55 of 3rd period - Stopped by Dustin Tokarski without a rebound.
11:56 of 3rd period - Maxime Sauvé wins face-off versus Noel Acciari in Gangsters zone.
12:03 of 3rd period - Backhand shot by Michael Raffl.
12:03 of 3rd period - Stopped by Dustin Tokarski with a rebound.
12:05 of 3rd period - Slapshot by Tomas Kundratek.
12:05 of 3rd period - Stopped by Dustin Tokarski without a rebound.
12:06 of 3rd period - Maxime Sauvé wins face-off versus Noel Acciari in Gangsters zone.
12:11 of 3rd period - Michael Raffl is hit by Maxime Sauvé and loses puck.
12:20 of 3rd period - Wrist shot by Magnus Paajarvi-Svensson.
12:20 of 3rd period - Shot Blocked by Tomas Kundratek.
12:47 of 3rd period - Off-side.
12:48 of 3rd period - Tomas Hertl wins face-off versus Miro Aaltonen in neutral zone.
12:57 of 3rd period - Snap shot by Devante Smith-Pelly.
12:57 of 3rd period - Shot Blocked by Jaccob Slavin.
13:40 of 3rd period - Austen Brassard is hit by Vince Hinostroza and loses puck.
14:28 of 3rd period - Wrist shot by Vince Hinostroza.
14:28 of 3rd period - Shot Misses the Net.
14:54 of 3rd period - Wrist shot by Noel Acciari.
14:54 of 3rd period - Shot Misses the Net.
15:08 of 3rd period - Snap shot by Miro Aaltonen.
15:08 of 3rd period - Stopped by Dustin Tokarski with a rebound.
15:16 of 3rd period - Phillip Danault is hit by Zach Trotman and loses puck.
15:48 of 3rd period - Off-side.
15:49 of 3rd period - Noel Acciari wins face-off versus Maxime Sauvé in neutral zone.
15:58 of 3rd period - Snap shot by Michael Raffl.
15:58 of 3rd period - Stopped by Dustin Tokarski without a rebound.
15:59 of 3rd period - Maxime Sauvé wins face-off versus Noel Acciari in Gangsters zone.
16:06 of 3rd period - Slapshot by Noel Acciari.
16:06 of 3rd period - Shot Blocked by Richard Panik.
16:08 of 3rd period - Slapshot by Zach Trotman.
16:08 of 3rd period - Stopped by Dustin Tokarski with a rebound.
16:10 of 3rd period - Snap shot by Michael Raffl.
16:10 of 3rd period - Goal by Michael Raffl - Gangsters : 2 - Knights : 6.
16:11 of 3rd period - Noel Acciari wins face-off versus Maxime Sauvé in neutral zone.
17:02 of 3rd period - Off-side.
17:03 of 3rd period - Tomas Hertl wins face-off versus Miro Aaltonen in neutral zone.
17:14 of 3rd period - Slapshot by Tomas Hertl.
17:14 of 3rd period - Stopped by Ben Scrivens with a rebound.
17:16 of 3rd period - Snap shot by Tomas Hertl.
17:16 of 3rd period - Deflect By Dave Dziurzynski.
17:16 of 3rd period - Shot Blocked by Tomas Kundratek.
17:16 of 3rd period - Puck is out of play.
17:17 of 3rd period - Miro Aaltonen wins face-off versus Maxime Sauvé in Knights zone.
17:24 of 3rd period - Wrist shot by Miro Aaltonen.
17:24 of 3rd period - Stopped by Dustin Tokarski with a rebound.
17:26 of 3rd period - Slapshot by Miro Aaltonen.
17:26 of 3rd period - Stopped by Dustin Tokarski without a rebound.
17:27 of 3rd period - Miro Aaltonen wins face-off versus Maxime Sauvé in Gangsters zone.
17:28 of 3rd period - Wrist shot by Josh Bailey.
17:28 of 3rd period - Stopped by Dustin Tokarski without a rebound.
17:29 of 3rd period - Miro Aaltonen wins face-off versus Maxime Sauvé in Gangsters zone.
17:36 of 3rd period - Wrist shot by Josh Bailey.
17:36 of 3rd period - Shot Blocked by Patrik Nemeth.
17:56 of 3rd period - Pavel Buchnevich is hit by Devante Smith-Pelly and loses puck.
18:45 of 3rd period - Zach Trotman is hit by Austen Brassard.
19:19 of 3rd period - Snap shot by Magnus Paajarvi-Svensson.
19:19 of 3rd period - Stopped by Ben Scrivens without a rebound.
19:20 of 3rd period - Noel Acciari wins face-off versus Maxime Sauvé in Knights zone.
19:45 of 3rd period - Icing by Collin Miller.
19:46 of 3rd period - Tomas Hertl wins face-off versus Noel Acciari in Knights zone.
Goals for this period are 0 for Gangsters vs 4 for Knights.
Shots for this period are 12 for Gangsters vs 17 for Knights.